 Dungeon Crawl Stone Soup version 0.20-a0-800-g4a616ed (webtiles) character file.

51 Laan the Ruffian (level 3, -4/31 HPs)
             Began as a Naga Transmuter on Mar 2, 2017.
             Slain by a gnoll
             ... wielding a +0 club
              (10 damage)
             ... on level 2 of the Dungeon.
             The game lasted 00:03:42 (1124 turns).

Laan the Ruffian (Naga Transmuter)                  Turns: 1124, Time: 00:03:43

Health: -4/31      AC:  2    Str: 12    XL:     3   Next: 83%
Magic:  0/6        EV: 10    Int: 14    God:
Gold:   34         SH:  0    Dex: 11    Spells: 3/6 levels left

rFire    . . .     SeeInvis +     - Unarmed
rCold    . . .     Gourm    .   b - +0 robe
rNeg     . . .     Faith    .   (no shield)
rPois    +         Spirit   .   (no helmet)
rElec    .         Reflect  .   (no cloak)
rCorr    .         Harm     .   (no gloves)
MR       .....                  (no barding)
Stlth    +.........             (no amulet)
Regen    0.1/turn               (no ring)
MPRegen  0.1/turn               (no ring)

@: appendage (expiring), very slow
A: horns 2, see invisible, deformed body, poison resistance, slowness 2, slow
metabolism 1, spit poison 1, AC +1
a: Spit Poison, End Transformation


You were on level 2 of the Dungeon.
You were hungry.
You had grown temporary horns.
You visited 1 branch of the dungeon, and saw 2 of its levels.

You collected 34 gold pieces.

Inventory:

Missiles
 a - 26 arrows
Armour
 b - a +0 robe (worn)
Scrolls
 e - a scroll of immolation {unknown}
 f - 3 scrolls of identify {unknown}
 h - a scroll of fog {unknown}
 i - a scroll of enchant weapon {unknown}
 j - a scroll of teleportation {unknown}
Books
 c - a book of Changes

   Spells                             Type                      Level
   a - Beastly Appendage              Transmutation                1
   b - Sticks to Snakes               Transmutation                2
   c - Spider Form                    Transmutation/Poison         3
   d - Ice Form                       Ice/Transmutation            4
   e - Blade Hands                    Transmutation                5
Comestibles
 d - a bread ration
 g - 5 chunks of flesh


   Skills:
 - Level 1.0 Fighting
 - Level 1.5 Dodging
 + Level 3.6 Unarmed Combat
 + Level 2.1 Spellcasting
 * Level 3.3 Transmutations


You had 3 spell levels left.
You knew the following spells:

 Your Spells              Type           Power        Failure   Level  Hunger
a - Beastly Appendage     Tmut           ##....       10%         1    ##.....
b - Sticks to Snakes      Tmut           ##......     12%         2    ###....


Dungeon Overview and Level Annotations

Branches:
Dungeon (2/15)

Altars:


Innate Abilities, Weirdness & Mutations

You cannot wear boots.
Your serpentine skin is tough. (AC +1)
You have supernaturally acute eyesight. (SInv)
Armour fits poorly on your strangely shaped body.
Your system is resistant to poisons. (rPois)
You cover ground very slowly.
You have a slow metabolism.
You can spit poison.
You have a pair of horns on your head.


Message History

The gnoll is moderately wounded.
The gnoll hits you with a club.
You hit the gnoll but do no damage.
The gnoll is moderately wounded.
The gnoll hits you from afar with a spear!
The gnoll hits you with a club.
You are too injured to fight recklessly!
You aren't carrying any potions.
Casting: Beastly Appendage
Confirm with . or Enter, or press ? or * to list all spells.
You create a snake!
You now have 26 arrows.
The gnoll hits you from afar with a spear.
* * * LOW HITPOINT WARNING * * *
The gnoll hits you with a club.
* * * LOW HITPOINT WARNING * * *
The gnoll barely misses you.
The gnoll hits your ball python with a halberd!
Your ball python dies!
The gnoll hits you with a club!
You die...

.. #. #. #. #.
#.## ## #..#
#.#######@#
#......#g#
#.###.#g######
#......g....##
##.............
##
##.##.#)####.###
#.###.......# #
#..#.##.#.#.#
#...###.....#


You could see 3 gnolls.

Vanquished Creatures
  An adder (D:2)
  3 dart slugs (D:1)
  A leopard gecko (D:1)
  A giant cockroach (D:1)
  4 goblins (D:1)
  2 hobgoblins (D:1)
  3 bats
  2 frilled lizards (D:1)
  6 kobolds
  5 rats
28 creatures vanquished.

Vanquished Creatures (collateral kills)
  A gnoll (D:2)
1 creature vanquished.

Grand Total: 29 creatures vanquished

Notes
Turn   | Place    | Note
-------+----------+-------------------------------------------
     0 | D:1      | Laan the Naga Transmuter began the quest for the Orb.
     0 | D:1      | Reached XP level 1. HP: 18/18 MP: 3/3
   324 | D:1      | Reached XP level 2. HP: 25/25 MP: 3/5
   654 | D:1      | Learned a level 2 spell: Sticks to Snakes
   686 | D:1      | Reached XP level 3. HP: 30/31 MP: 4/6
  1124 | D:2      | Slain by a gnoll

Vault maps used:
D:1:      saegor_arrival_simple_a
D:2:      lemuel_round_altar, nicolae_gozag_cash_rules_everything_around_me,
          grunt_qazlal_sundering

Skill      XL: |  1  2  3 |
---------------+----------+-----
Transmutations | 3 |  3.3
Fighting       | |  1.0
Dodging        | |  1.5
Unarmed Combat | |  3.6
Spellcasting   | |  2.1

Action                   || total
-------------------------++-------
Melee: Unarmed           ||    89
       Headbutt          ||     9
 Cast: Beastly Appendage ||    18
       Sticks to Snakes  ||     4
 Stab: Distracted        ||     1
Armor: Robe              ||    14
Dodge: Dodged            ||    56
